 Dungeon Sprint DCSS version 0.29-a0-613-gf2c431b9b9 (webtiles) character file.

Game seed: 5850512847674543282

17 mhtbhm the Caller (level 2, -4/15 HPs)
             Began as a Tengu Summoner on June 16, 2022.
             Was an Initiate of Gozag.
             Slain by a fire bat (7 damage)
             ... in the Dungeon (Sprint VII: "The Pits").
             The game lasted 00:02:13 (670 turns).

mhtbhm the Caller (Tengu Summoner)                   Turns: 670, Time: 00:02:14

Health: -4/15      AC:  2    Str:  8    XL:     2   Next: 62%
Magic:  2/6        EV: 12    Int: 15    God:    Gozag
Gold:   279        SH:  0    Dex: 14    Spells: 3/6 levels left

rFire   . . .      SeeInvis .   (no weapon)
rCold   . . .      Faith    .   (no shield)
rNeg    . . .      Spirit   .   a - +0 robe
rPois   .          Reflect  .   (helmet restricted)
rElec   .          Harm     .   (no cloak)
rCorr   .          Rampage  .   (no gloves)
Will    .....      NoTele   +   (boots unavailable)
Stlth   ++........              (no amulet)
HPRegen 0.05/turn               (no ring)
MPRegen 0.10/turn               (no ring)

@: no status effects
A: beak, talons 3
a: Renounce Religion, Potion Petition, Call Merchant, Bribe Branch


You were in the Dungeon.
You worshipped Gozag.
Gozag was aware of your devotion.
You visited 1 branch You collected 279 gold pieces.

Inventory:

Armour
 a - a +0 robe (worn)
Scrolls
 g - a scroll of blinking
 i - 5 scrolls of amnesia
 j - a scroll of summoning
Potions
 b - 5 potions of magic
 e - a potion of haste
 f - 2 potions of berserk rage
 h - 2 potions of invisibility


   Skills:
 + Level 2.5 Dodging
 + Level 2.2 Stealth
 + Level 0.5 Unarmed Combat
 + Level 2.7 Spellcasting
 + Level 7.0 Summonings


You had 3 spell levels left.
You knew the following spells:

 Your Spells              Type           Power      Damage    Failure   Level
a - Summon Small Mammal   Summ           92%        N/A       1%          1
b - Call Imp              Summ           23%        N/A       1%          2

Your spell library contained the following spells:

 Spells                   Type           Power      Damage    Failure   Level
 Call Canine Familiar     Summ           23%        N/A       3%          3
 Summon Guardian Golem    Hex/Summ       12%        N/A       14%         3
 Summon Lightning Spire   Summ/Air       12%        N/A       43%         4


Dungeon Overview and Level Annotations

Branches:
Dungeon (1/1)

Altars:
Ashenzari
Cheibriados
Dithmenos
Elyvilon
Fedhas
Gozag
Hepliaklqana
Kikubaaqudgha
Makhleb
Nemelex Xobeh
Okawaru
Qazlal
Ru
Sif Muna
Trog
Uskayaw
Vehumet
Wu Jian
Xom
Yredelemnul
Zin
The Shining One
Beogh
Jiyva
Lugonu


Innate Abilities, Weirdness & Mutations

You have a beak for a mouth.
You have claws for feet.


Message History

Attack!
The fire bat bites your quokka.
Your quokka is engulfed in flames!
Your quokka dies!
Your quokka's corpse disappears in a puff of smoke!
Unknown command.
The fire bat bites your crimson imp.
Your crimson imp is engulfed in flames.
Your crimson imp completely resists.
The fire bat closely misses your crimson imp.
Unknown command.
The fire bat bites your quokka.
Your quokka dies!
Your quokka's corpse disappears in a puff of smoke!
Unknown command.
The fire bat closely misses your crimson imp.
Unknown command.
You closely miss the fire bat. Your kick misses the fire bat.
The fire bat completely misses you. The fire bat bites you.
You are engulfed in flames!
Ouch! That really hurt!
* * * LOW HITPOINT WARNING * * *
Unknown command.
You feel better. The fire bat bites you.
You are engulfed in flames.
The fire bat closely misses you.
Unknown command.
Casting: Call Imp (safe; 1% risk of failure)
Confirm with . or Enter, or press ? or * to list all spells.
The fire bat barely misses you.
The fire bat barely misses your crimson imp.
The fire bat bites your crimson imp.
Your crimson imp is engulfed in flames.
Your crimson imp completely resists.
Your crimson imp hits the fire bat but does no damage.
Unknown command.
Press: ? - help, v - describe, . - travel
Here: a fire bat (ally target)
The floor.
Unknown command.
The fire bat attacks as you move away! The fire bat bites you.
* * * LOW HITPOINT WARNING * * *
You are engulfed in flames!
You die...
Your body crumbles into a pile of gold.

#_______...##########
##########'##........
#.?(.')))'.##......#.
##########.##........
#...........'........
#+#####)#####......#.
#...#.# #........
#r..#.# ####'####
#b@)'.# #.......#
##5#### #.......#
#.$...# #.......#
#.....# #...<...#
#....... #.......#
#........##.......#
###########.......#
#########


You could see a fire bat (ally target), a friendly crimson imp (summoned) and a
friendly quokka (summoned).

Vanquished Creatures
  A gnoll (D)
  A giant cockroach (D)
  A kobold (D)
3 creatures vanquished.

Vanquished Creatures (collateral kills)
  A hobgoblin (D)
  A quokka (D)
  2 frilled lizards (D)
  A rat (D)
5 creatures vanquished.

Grand Total: 8 creatures vanquished

Notes
Turn   | Place    | Note
-------+----------+-------------------------------------------
     0 | D        | mhtbhm the Tengu Summoner began the quest for the Orb.
     0 | D        | Reached XP level 1. HP: 10/10 MP: 4/4
    17 | D        | Reached skill level 5 in Summonings
    25 | D        | Found a bloodstained altar of Trog.
    25 | D        | Found a shimmering blue altar of Sif Muna.
    25 | D        | Found a viscous altar of Jiyva.
    25 | D        | Found a hazy altar of Hepliaklqana.
    25 | D        | Found an opulent altar of Gozag.
    26 | D        | Found a glowing golden altar of the Shining One.
    26 | D        | Found a glowing silver altar of Zin.
    26 | D        | Found a basalt altar of Yredelemnul.
    26 | D        | Found a shimmering altar of Xom.
    26 | D        | Found an ornate altar of the Wu Jian Council.
    26 | D        | Found a sacrificial altar of Ru.
    26 | D        | Found a stormy altar of Qazlal.
    26 | D        | Found an iron altar of Okawaru.
    26 | D        | Found a sparkling altar of Nemelex Xobeh.
    26 | D        | Found a burning altar of Makhleb.
    26 | D        | Found a blossoming altar of Fedhas.
    26 | D        | Found a white marble altar of Elyvilon.
    26 | D        | Found a shadowy altar of Dithmenos.
    26 | D        | Found a snail-covered altar of Cheibriados.
    30 | D        | Found a corrupted altar of Lugonu.
    30 | D        | Found a radiant altar of Vehumet.
    31 | D        | Found a broken altar of Ashenzari.
    31 | D        | Found an ancient bone altar of Kikubaaqudgha.
    31 | D        | Found a hide-covered altar of Uskayaw.
    39 | D        | Became a worshipper of Gozag Ym Sagoz the Greedy
    99 | D        | Reached skill level 6 in Summonings
    99 | D        | Reached XP level 2. HP: 10/15 MP: 1/6
   248 | D        | Learned a level 2 spell: Call Imp
   502 | D        | Reached skill level 7 in Summonings
   503 | D        | Noticed a fire bat
   670 | D        | Slain by a fire bat

Illustrated notes

Levels and vault maps discovered:
D:        pitsprint [storerooms_1, entrance_room_1, metal_vault_1, armoury_2,
          mini_pit_1, grid_room_1, main_hall_1, silver_pit, the_coven_1,
          the_vestibule_1, steel_vault_5, golden_pit, hallway_of_sentries,
          crystal_vault_1, iron_vault_2, final_vault]

Skill      XL: |  1  2 |
---------------+-------+-----
Summonings     | 6 7 |  7.0
Dodging        | |  2.5
Stealth        | |  2.2
Unarmed Combat | |  0.5
Spellcasting   | |  2.7

Action                   || total
-------------------------++-------
Melee: Unarmed           ||     9
       Kick              ||     3
 Cast: Summon Small Mamm ||    16
       Call Imp          ||     3
  Use: Potion            ||     3
Armor: Robe              ||     1
Dodge: Dodged            ||     7

Table legend: (Time is in decaauts)
 A = Elapsed time spent in this place.
 B = Non-inter-level travel time spent in this place.
 C = Inter-level travel time spent in this place.
 D = Time resting spent in this place.
 E = Time spent auto-exploring this place.
 F = Levels seen in this place.
 G = Mean time per level.
                   A        B        C        D        E       F      G
               +--------+--------+--------+--------+--------+-----+--------+
         Total |    674 |    674 |      0 |    505 |      0 |   1 |  674.0 |
       Dungeon |    674 |    674 |      0 |    505 |      0 |   1 |  674.0 |
               +--------+--------+--------+--------+--------+-----+--------+

Top non-repeatable levels by time:
       D: 674 daAuts
